 Dungeon Crawl Stone Soup version 0.27-a0-1548-gf8a67e7463 (webtiles) character file.

Game seed: 1592569904150256599

56 tilp the Caller (level 3, -1/27 HPs)
             Began as a Barachi Summoner on July 13, 2021.
             Killed by divine providence
             ... invoked by an orc priest
              (12 damage)
             ... on level 3 of the Dungeon.
             The game lasted 00:03:32 (3562 turns).

tilp the Caller (Barachi Summoner)                  Turns: 3562, Time: 00:03:33

Health: -1/27      AC:  5    Str: 10    XL:     3   Next: 97%
Magic:  4/7        EV: 10    Int: 15    God:
Gold:   70         SH:  0    Dex: 12    Spells: 2/8 levels left

rFire    . . .     SeeInvis .   a - +4 dagger (venom)
rCold    . . .     Faith    .   (no shield)
rNeg     . . .     Spirit   .   j - +0 ring mail
rPois    .         Reflect  .   (no helmet)
rElec    .         Harm     .   (no cloak)
rCorr    .         Rampage  .   (no gloves)
Will     .....                  (no boots)
Stlth    +.........             (no amulet)
HPRegen  0.09/turn              (no ring)
MPRegen  0.10/turn              (no ring)

@: unable to hop, slow
A: amphibious, slowness 1, strong legs 1, +LOS
a: Hop


You were on level 3 of the Dungeon.
You visited 1 branch of the dungeon, and saw 3 of its levels.

You collected 70 gold pieces.

Inventory:

Hand Weapons
 a - a +4 dagger of venom (weapon)
 h - a +0 mace
Missiles
 b - 25 poisoned darts (quivered)
Armour
 c - a +1 robe
 j - a +0 ring mail (worn)
Scrolls
 i - a scroll of identify {unknown}
Potions
 d - 2 potions of lignification {unknown}
 e - a potion of curing {unknown}
 f - a potion of berserk rage {unknown}
 g - a potion of haste {unknown}
 k - a potion of might {unknown}
 l - a potion of heal wounds {unknown}
 m - a potion of degeneration {unknown}
 n - a potion of brilliance {unknown}


   Skills:
 - Level 2.0 Fighting
 - Level 2.1 Dodging
 - Level 1.7 Stealth
 - Level 3.0 Spellcasting
 + Level 5.6 Summonings


You had 2 spell levels left.
You knew the following spells:

 Your Spells              Type           Power      Damage    Failure   Level
a - Summon Small Mammal   Summ           76%        N/A       5%          1
b - Call Imp              Summ           19%        N/A       8%          2
c - Call Canine Familiar  Summ           19%        N/A       16%         3

Your spell library contained the following spells:

 Spells                   Type           Power      Damage    Failure   Level
 Sting                    Tmut/Pois      8%         1d3       45%         1
 Poisonous Vapours        Pois/Air       4%         N/A       61%         2
 Summon Guardian Golem    Hex/Summ       10%        N/A       45%         3
 Summon Lightning Spire   Summ/Air       10%        N/A       86%         4
 Olgreb's Toxic Radiance  Pois           2%         N/A       99%         4


Dungeon Overview and Level Annotations

Branches:
Dungeon (3/15)

Altars:

Annotations:
D:3 Grinder, Ijyb


Innate Abilities, Weirdness & Mutations

You are amphibious.
You cover ground slowly.
You can hop short distances.
You have an extended range of vision and can be seen from far away.


Message History

Unknown command.
You hit the worm.
The worm is poisoned.
The worm is lightly wounded.
You hit the worm.
The worm looks as sick as possible!
The worm is moderately wounded.
The worm bites you!
You hit the worm.
The worm looks as sick as possible!
The worm is heavily wounded.
You hit the worm.
The worm looks as sick as possible!
The worm is severely wounded.
The worm bites you.
You are too injured to fight recklessly!
You are too injured to fight recklessly!
You are too injured to fight recklessly!
Unknown command.
You hit the worm.
You kill the worm!
You hit the hobgoblin.
The hobgoblin is poisoned.
The hobgoblin is heavily wounded.
You kill the hobgoblin!
n - a bubbling black potion You start resting.
An orc priest is nearby!
Unknown command.
Hop to where?
Press: ? - help, Dir - move target Boing!
The orc priest shouts!
You hear a shout!
Casting: Call Imp (safe; 8% risk of failure)
Confirm with . or Enter, or press ? or * to list all spells.
The spell is quite dangerous to cast (16% risk of failure)!
Continue anyway?
The orc priest calls down the wrath of Beogh upon you.
Pain shoots through your body!
You swap places.
The orc priest closely misses your hound.
Your hound closely misses the orc priest.
Your hound bites the orc priest.
The orc priest invokes the aid of Beogh against you.
Beogh smites you!
You die...

#.####.#.###...#÷#
#.####.#.#####.#.##
#....<.......#.÷..#
######.#.###.#.#..#
########........#...#
...........###.#.##.#
############ #.#.##.#
############.#.##.#
#.....†......#@##.#
#.############.##.#
#.# #.##.# #.# #.##.#
#.# #.##.# #.# #h##.#
#.####### #o##.#
#.......# #.##.#
##.......# #.##.#


You could see an orc priest (ally target) and a friendly hound (summoned).

Vanquished Creatures
  An adder (D:3)
  2 worms (D:3)
  An orc (D:2)
  3 endoplasms
  6 hobgoblins
  3 jackals
  2 kobolds
  4 ball pythons (D:3)
  A bat (D:1)
  3 frilled lizards (D:3)
  2 rats
28 creatures vanquished.

Vanquished Creatures (collateral kills)
  2 endoplasms (D:2)
  A giant cockroach (D:1)
  4 goblins
  3 hobgoblins
  A jackal (D:1)
  A bat (D:1)
  3 kobolds
15 creatures vanquished.

Grand Total: 43 creatures vanquished

Notes
Turn   | Place    | Note
-------+----------+-------------------------------------------
     0 | D:1      | tilp the Barachi Summoner began the quest for the Orb.
     0 | D:1      | Reached XP level 1. HP: 13/13 MP: 3/3
   329 | D:1      | Reached skill level 1 in Fighting
   657 | D:1      | Reached XP level 2. HP: 21/22 MP: 0/5
   860 | D:1      | Found a faded altar of an unknown god.
  1185 | D:1      | Learned a level 2 spell: Call Imp
  1932 | D:2      | Reached skill level 5 in Summonings
  2706 | D:3      | Reached XP level 3. HP: 22/27 MP: 6/6
  2727 | D:3      | Learned a level 3 spell: Call Canine Familiar
  3148 | D:3      | Noticed Grinder
  3462 | D:3      | Noticed Ijyb
  3562 | D:3      | Killed from afar by an orc priest

Illustrated notes

Levels and vault maps discovered:
D:1:      lightli_arrival_statue_moat, layout_basic,
          shapermc_ecumenical_altar_starsandcircs
D:2:      layout_rooms
D:3:      layout_loops_ring, kennysheep_generic_room_8, uniq_grinder, uniq_ijyb

Skill      XL: |  1  2  3 |
---------------+----------+-----
Fighting       | 1 2 |  2.0
Summonings     | 5 |  5.6
Spellcasting   | 3 |  3.0
Dodging        | |  2.1
Stealth        | |  1.7

Action                   || total
-------------------------++-------
Melee: Short sword       ||    45
       Unarmed           ||     1
       Dagger            ||    43
Throw: Dart              ||     5
 Cast: Summon Small Mamm ||    33
       Call Imp          ||    11
       Call Canine Famil ||     2
 Abil: Hop               ||     2
  Use: Scroll            ||     2
 Stab: Distracted        ||     1
       Sleeping          ||     1
Armor: Robe              ||     9
       Ring mail         ||     8
Dodge: Dodged            ||    61

Table legend: (Time is in decaauts)
 A = Elapsed time spent in this place.
 B = Non-inter-level travel time spent in this place.
 C = Inter-level travel time spent in this place.
 D = Time resting spent in this place.
 E = Time spent auto-exploring this place.
 F = Levels seen in this place.
 G = Mean time per level.
                   A        B        C        D        E       F      G
               +--------+--------+--------+--------+--------+-----+--------+
         Total |   3872 |   3826 |     46 |    834 |   2437 |   3 | 1290.7 |
       Dungeon |   3872 |   3826 |     46 |    834 |   2437 |   3 | 1290.7 |
               +--------+--------+--------+--------+--------+-----+--------+

Top non-repeatable levels by time:
     D:1: 2092 daAuts
     D:2: 1101 daAuts
     D:3: 678 daAuts
